 Dungeon Crawl Stone Soup version 0.26.1-11-gd32895ea62 (webtiles) character file.

Game seed: 6345987723086622061

250760 promet the Peltast (level 19, -4/107 (112) HPs)
             Began as a Gargoyle Fighter on June 15, 2021.
             Was the Champion of Ru.
             Slain by the Royal Jelly (12 damage)
             ... on level 5 of the Pits of Slime on June 17, 2021.
             The game lasted 08:36:21 (63424 turns).

promet the Peltast (Gargoyle Fighter)              Turns: 63424, Time: 08:36:22

HP:   -4/107 (112)  AC: 38    Str: 32    XL:     19   Next: 64%
MP:   17/17         EV: 12    Int:  8    God:    Ru [******]
Gold: 2436          SH: 21    Dex: 17    Spells: 17/18 levels left

rFire    + . .     SeeInvis .   a - +9 whip (freeze)
rCold    + + .     Faith    .   c - +0 kite shield
rNeg     + . .     Spirit   .   U - +7 chain mail of Compassion {Str+9 Dex-4}
rPois    ∞         Reflect  +   g - +2 hat
rElec    +         Harm     .   h - scarf {rC+ rF+}
rCorr    +         Rampage  .   H - +1 pair of gloves
Will     ++...                  n - +2 pair of boots
Stlth    ..........             Y - amulet "Ciap" {Reflect Dex+8 SH+5}
HPRegen  0.27/turn              B - ring of protection from cold
MPRegen  0.15/turn              o - ring of resist corrosion

@: exhausted, about to teleport, corroded, overwhelmed with horror, flying,
lightly drained
A: big wings, fangs 1, blink, blurry vision 1, dopey 1, frail 1, low mp 1,
strong-willed 1, negative energy resistance 1, screaming 2, electricity
resistance, unbreathing, petrification resistance, no potion heal 1, miasma
immunity, hated by all, cowardly, disrupted magic 1, unskilled 1, inexperienced
1, AC +14
}: 2/15 runes: barnacled, gossamer
a: Stop Flying, Blink, Renounce Religion, Draw Out Power, Power Leap, Apocalypse


You were on level 5 of the Pits of Slime.
You worshipped Ru.
Ru was exalted by your worship.
You visited 6 branches of the dungeon, and saw 36 of its levels.

You collected 4740 gold pieces.
You spent 2304 gold pieces at shops.

Inventory:

Hand Weapons
 a - a +9 whip of freezing (weapon)
 b - the +7 hand crossbow of the Middle {elec, rElec rN+++ Int-3 Dex-2}
   (You found it on level 9 of the Dungeon)

   It charges the ammunition it shoots with electricity; occasionally upon a
   hit, such missiles may discharge and cause terrible harm.
   It affects your intelligence (-3).
   It affects your dexterity (-2).
   It insulates you from electricity.
   It renders you almost immune to negative energy.
 p - a +1 triple sword
 q - a +3 long sword of holy wrath
 v - the +7 spear "Kaaraqu" {antimagic, rElec rC+ Dex-2}
   (You found it on level 6 of the Lair of Beasts)

   It reduces the magical energy of the wielder, and disrupts the spells and
   magical abilities of those hit.
   Natural abilities and divine invocations are not affected.
   It affects your dexterity (-2).
   It protects you from cold.
   It insulates you from electricity.
 I - a +9 long sword of flaming
 N - a +2 rapier of venom
 P - a +9 demon trident of freezing
 V - a +1 war axe of electrocution
Missiles
 i - 46 silver javelins
 u - 31 bolts
 w - 12 curare-tipped darts
 x - 302 sling bullets
 Q - 51 poisoned darts (quivered)
Armour
 c - a +0 kite shield (worn)
 g - a +2 hat (worn)
 h - a scarf of resistance (worn)
 n - a +2 pair of boots (worn)
 H - a +1 pair of gloves (worn)
 U - the +7 chain mail of Compassion (worn) {Str+9 Dex-4}
   (You bought it in a shop on level 2 of the Orcish Mines)

   It affects your strength (+9).
   It affects your dexterity (-4).
Jewellery
 o - a ring of resist corrosion (right hand)
 t - an uncursed ring of willpower
 A - a +4 ring of evasion
 B - a ring of protection from cold (left hand)
 J - an uncursed ring of willpower
 L - an uncursed ring of ice
 O - a +6 ring of strength
 S - a +6 ring of dexterity
 T - an uncursed amulet of the acrobat
 X - an uncursed ring of see invisible
 Y - the amulet "Ciap" (around neck) {Reflect Dex+8 SH+5}
   (You bought it in a shop on level 15 of the Dungeon)

   [amulet of reflection]

   It shields you and reflects attacks.
   It affects your dexterity (+8).
   It affects your SH (+5).
Wands
 m - a wand of disintegration (56)
 y - a wand of random effects (56)
 F - a wand of iceblast (37)
 K - a wand of paralysis (17)
 M - a wand of flame (105)
Scrolls
 j - 7 scrolls of fear
 l - 6 scrolls of magic mapping
 r - 17 scrolls of identify
 s - 12 scrolls of remove curse
 z - 4 scrolls of fog
 D - 12 scrolls of teleportation
Potions
 d - 3 potions of ambrosia
 f - a potion of invisibility
 k - 17 potions of curing
 C - 2 potions of haste
 G - 3 potions of resistance
 R - a potion of brilliance
Miscellaneous
 e - a lightning rod (2/4)
 Z - a tin of tremorstones (2/2)


   Skills:
 + Level 16.0 Fighting
 + Level 1.3(4.1) Short Blades
 + Level 6.1(6.2) Long Blades
 + Level 7.2(11.5) Axes
 + Level 12.9(13.7) Maces & Flails
 * Level 7.9(9.2) Polearms
 + Level 3.2(4.1) Slings
 + Level 10.1 Crossbows
 + Level 3.6(4.3) Throwing
 + Level 12.4 Armour
 + Level 4.4 Dodging
 + Level 5.2 Stealth
 + Level 16.6 Shields
 + Level 0.1 Spellcasting
 + Level 0.5 Conjurations
 + Level 6.2 Evocations


You had 17 spell levels left.
You knew the following spells:

 Your Spells              Type           Power        Failure   Level
a - Magic Dart            Conj           0%           82%         1

Your spell library contained the following spells:

 Spells                   Type           Power        Failure   Level
 Corona                   Hex            0%           87%         1
 Freeze                   Ice            0%           87%         1
 Searing Ray              Conj           0%           90%         2
 Corpse Rot               Necr/Air       N/A          95%         2
 Ensorcelled Hibernation  Hex/Ice        0%           95%         2
 Slow                     Hex            0%           95%         2
 Confusing Touch          Hex            0%           99%         3
 Dazzling Flash           Conj/Hex       0%           99%         3
 Frozen Ramparts          Ice            0%           99%         3
 Inner Flame              Hex/Fire       0%           99%         3
 Ozocubu's Armour         Ice            0%           99%         3
 Portal Projectile        Hex/Tloc       0%           99%         3
 Cause Fear               Hex            0%           100%        4
 Dispel Undead            Necr           0%           100%        4
 Fulminant Prism          Conj/Hex       0%           100%        4
 Hailstorm                Conj/Ice       0%           100%        4
 Iskenderun's Mystic Bla  Conj/Tloc      0%           100%        4
 Leda's Liquefaction      Hex/Erth       0%           100%        4
 Agony                    Necr           0%           100%        5
 Excruciating Wounds      Necr           0%           100%        5
 Summon Small Mammal      Summ           Unusable     N/A         1
 Call Imp                 Summ           Unusable     N/A         2
 Sublimation of Blood     Necr           Unusable     N/A         2
 Call Canine Familiar     Summ           Unusable     N/A         3
 Summon Guardian Golem    Hex/Summ       Unusable     N/A         3
 Tukima's Dance           Hex            Unusable     N/A         3
 Summon Ice Beast         Ice/Summ       Unusable     N/A         4
 Summon Lightning Spire   Summ/Air       Unusable     N/A         4

Dungeon Overview and Level Annotations

Branches:
Dungeon (15/15)            Temple (0/1) D:6            Lair (6/6) D:11
 Shoals (4/4) Lair:4       Spider (4/4) Lair:4        Slime (5/5) Lair:5
    Orc (2/2) D:10            Elf (0/3) Orc:2        Vaults (0/5) D:14
 Depths (0/5) D:15

Altars:
Dithmenos
Elyvilon
Fedhas
Kikubaaqudgha
Makhleb
Nemelex Xobeh
Okawaru
Ru
Sif Muna
Trog
Vehumet
Xom
Yredelemnul
Beogh

Shops:
D:5 =   D:10 :   D:12 :   D:15 =   Orc:1 (   Orc:2 [[*?   Shoals:2 (=!:
Shoals:3 =

Portals:
Hell: Lair:6
Trove: D:11 (give +7 demon blade)

Annotations:
D:6 3 runed translucent doors, oc3rt's ghost, novice KoHu; promet's ghost, novice DEVM; soggyman666's ghost, novice DsVM
Slime:5 Royal Jelly


Innate Abilities, Weirdness & Mutations

You are resistant to torment.
Your stone body is resilient. (AC +14)
You are immune to poison.
Your large and strong wings let you fly indefinitely.
You resist negative energy. (rN+)
You are resistant to electric shocks. (rElec)
You can survive without breathing.
You are immune to petrification.
You are immune to miasma.
You are hated by all.
Your cowardice makes you less effective in combat with threatening monsters.
Your casting is slightly disrupted.
You are somewhat unskilled. (-1 Apt)
You are somewhat inexperienced. (-2 XL)
You have very sharp teeth.
You can translocate small distances at will.
Scrolls take you a little longer to read.
You are dopey. (Int -2)
You are frail. (-10% HP)
Your magical capacity is low. (-10% MP)
You are strong-willed. (Will+)
You sometimes yell uncontrollably at your foes.
Potions are less effective at restoring your health.


Message History

You begin reading the scroll.
You continue reading the scroll.
The acid blob spits acid at you.
The splash of acid reflects off an invisible shield around you!
The splash of acid hits the acid blob.
The acid blob completely resists.
The Royal Jelly hits you but does no damage.
You block the Royal Jelly's attack. You block the death ooze's attack. x2
The acid blob hits you but does no damage.
The acid blob hits you!
* * * LOW HITPOINT WARNING * * *
You are splashed with acid.
You resist.
* * * LOW HITPOINT WARNING * * *
You focus your inner power and slow the acid blob in retribution!
As you read the scroll of teleportation, it crumbles to dust.
You feel strangely unstable. The Royal Jelly hits you!
* * * LOW HITPOINT WARNING * * *
You are splashed with acid.
You resist.
* * * LOW HITPOINT WARNING * * *
The Royal Jelly hits you!
You die...

##.# #....................#
.# ##...................#
##...................
##..................
#...................
###...................
#....JJ............... #....
..#...#...J...............
####.
#######..@J...............
#|## = ##.(................
##. #.(................# #.
###(..............### ..#
##.................# ##.#
#..................# # #..
##..................#.#
####.##
##..................####
.#.#..###..................##


You could see the Royal Jelly, 2 acid blobs and a death ooze.

Vanquished Creatures
  Dissolution (Slime:4)
  Nikola (Shoals:1)
  Arachne (Spider:3)
  Jorgrun (Spider:3)
  Rupert (D:12)
  16 acid blobs
  Polyphemus (Shoals:3)
  Gastronok (Lair:3)
  2 krakens
  Ilsuiw (Shoals:4)
  Donald (Spider:3)
  9 azure jellies
  A frost giant (D:15)
  3 ghost moths (Spider:4)
  7 emperor scorpions
  10 entropy weavers
  2 spark wasps (Spider:4)
  A dire elephant (Lair:6)
  6 merfolk javelineers
  Josephine (Orc:2)
  6 merfolk impalers
  7 death oozes
  10 great orbs of eyes
  4 boulder beetles
  11 hydras
  4 merfolk avatars
  2 vault guards (D:14)
  A catoblepas (Shoals:4)
  2 centaur warriors
  A queen ant (Spider:2)
  6 two-headed ogres
  3 alligator snapping turtles (Shoals:4)
  9 death yaks
  3 satyrs
  5 merfolk aquamancers
  3 orc high priests
  Sonja (Orc:2)
  A sixfirhy (Lair:6)
  Nergalle (D:10)
  A kraken simulacrum (Shoals:4)
  3 unseen horrors
  2 wizards
  12 sea snakes
  A glowing orange brain (Slime:5)
  An orc knight (Orc:1)
  A deep elf archer (D:14)
  A necromancer (D:14)
  6 harpies
  17 orb spiders
  3 cyclopes
  12 manticores
  3 ugly things
  32 wolf spiders
  6 orc sorcerers
  7 fauns
  3 moths of wrath
  5 shining eyes
  2 deep elf magi
  4 oklob plants (Lair:2)
  15 elephants
  4 black mambas
  Maurice (D:10)
  6 water nymphs
  9 merfolk sirens
  4 eyes of devastation
  12 cane toads
  2 orange demons (Lair:6)
  3 torpor snails
  2 gargoyles
  A centaur skeleton (D:11)
  Maggie (D:10)
  A yaktaur (D:15)
  13 demonic crawlers
  6 rime drakes
  9 komodo dragons
  A kobold demonologist (D:14)
  A hellwing (Lair:6)
  2 ice devils (Lair:6)
  A red devil (Lair:6)
  4 trolls
  20 merfolk
  9 hornets
  9 wind drakes
  A polar bear (Lair:2)
  30 jumping spiders
  97 slime creatures
  17 blink frogs
  17 dream sheep
  9 snapping turtles
  A spriggan (Lair:2)
  69 yaks
  2 water elementals
  8 wraiths
  A vampire (D:9)
  79 redbacks
  23 tarantellas
  23 humans
  9 wyverns
  4 basilisks
  6 golden eyes
  Grum (D:10)
  8 vampire mosquitoes
  A warg (D:15)
  Edmund (D:4)
  27 water moccasins
  7 soldier ants
  An acid dragon (D:14)
  Duvessa (D:4)
  A floating eye (Slime:2)
  4 hell hounds (Lair:6)
  A black bear (D:8)
  20 orc warriors
  10 eyes of draining
  6 ice beasts
  2 sky beasts
  5 phantoms
  7 ogres
  A necrophage (D:10)
  44 wolves
  9 centaurs
  3 big kobolds
  22 bullfrogs
  2 wyvern zombies
  Dowan (D:4)
  3 wyvern skeletons
  5 scorpions
  3 killer bees (D:8)
  3 electric eels
  32 wights
  2 howler monkeys
  4 bullfrog zombies
  3 quasits
  4 centaur zombies
  A wyvern simulacrum (D:14)
  A gnoll shaman (D:4)
  19 orc priests
  6 hounds
  5 jellies
  40 orc wizards
  4 bullfrog skeletons
  4 hell rats (Lair:4)
  4 iguanas
  Ijyb (D:3)
  30 worker ants
  A hound skeleton (D:7)
  A howler monkey zombie (D:10)
  7 adders
  12 gnolls
  3 shadow imps
  3 white imps
  5 oozes
  3 ufetubi
  3 adder zombies
  An adder skeleton (D:5)
  4 worms
  3 dart slugs
  3 leopard geckos
  55 orcs
  2 ball pythons (D:3)
  7 giant cockroaches
  3 hobgoblins
  16 jackals
  6 quokkas
  8 bats
  6 frilled lizards
  A goblin (D:3)
  2 jackal skeletons
  24 kobolds
  7 rats
  A butterfly (D:4)
  4 tentacles
1351 creatures vanquished.

Vanquished Creatures (collateral kills)
  A black mamba (Lair:2)
  A rime drake (Lair:6)
  A hell hound (Lair:6)
  An orc wizard (D:14)
  A kobold (D:14)
5 creatures vanquished.

Vanquished Creatures (others)
  A kraken (Shoals:3)
  Nessos (D:14)
  An alligator snapping turtle (Shoals:2)
  A harpy (Shoals:4)
  A manticore (Shoals:4)
  A wolf spider (Spider:4)
  2 demonic crawlers (Spider:4)
  A merfolk (Shoals:4)
  2 jumping spiders (Spider:3)
  A snapping turtle (Shoals:1)
  3 slime creatures
  3 redbacks
  A tarantella (Spider:1)
  A soldier ant (Spider:1)
  An orc warrior (Orc:2)
  A centaur (D:15)
  An orc priest (Orc:2)
  An orc (Orc:2)
  A bush (Lair:6)
  48 fungi
  193 plants
  29 tentacles
295 creatures vanquished.

Grand Total: 1651 creatures vanquished

Notes
Turn   | Place    | Note
-------+----------+-------------------------------------------
     0 | D:1      | promet the Gargoyle Fighter began the quest for the Orb.
     0 | D:1      | Reached XP level 1. HP: 14/14 MP: 1/1
     3 | D:1      | Noticed an electric eel
     5 | D:1      | Noticed an electric eel
   174 | D:1      | Reached XP level 2. HP: 19/19 MP: 2/2
  1414 | D:2      | Reached XP level 3. HP: 23/23 MP: 3/3
  1489 | D:2      | Reached XP level 4. HP: 25/28 MP: 4/4
  1563 | D:2      | Found an iron altar of Okawaru.
  1665 | D:2      | Found a shadowy altar of Dithmenos.
  1862 | D:2      | Found a faded altar of an unknown god.
  2098 | D:3      | Found a blossoming altar of Fedhas.
  2372 | D:3      | Found a radiant altar of Vehumet.
  2577 | D:3      | Noticed Ijyb
  2587 | D:3      | Killed Ijyb
  2588 | D:3      | Reached XP level 5. HP: 29/33 MP: 5/5
  2791 | D:4      | Reached skill level 1 in Dodging
  2827 | D:4      | Reached XP level 6. HP: 31/38 MP: 4/6
  2950 | D:4      | Noticed Duvessa
  2951 | D:4      | Noticed Dowan
  2969 | D:4      | Killed Duvessa
  2970 | D:4      | Reached skill level 5 in Shields
  2978 | D:4      | Killed Dowan
  2979 | D:4      | Reached skill level 1 in Slings
  3237 | D:4      | Reached XP level 7. HP: 44/44 MP: 7/7
  3361 | D:4      | Found a shimmering altar of Xom.
  3461 | D:4      | Noticed Edmund
  3474 | D:4      | Killed Edmund
  3636 | D:4      | Reached skill level 1 in Throwing
  3854 | D:5      | Entered Level 5 of the Dungeon
  4021 | D:5      | Found Baluho's Jewellery Emporium.
  4292 | D:5      | Reached skill level 5 in Fighting
  4310 | D:5      | Reached skill level 5 in Maces & Flails
  4574 | D:5      | Found a sacrificial altar of Ru.
  4582 | D:5      | Became a worshipper of Ru the Awakened
  4767 | D:6      | Reached XP level 8. HP: 39/49 MP: 4/8
  4999 | D:6      | Found a staircase to the Ecumenical Temple.
  5069 | D:6      | Found a runed translucent gate.
  5070 | D:6      | Found a runed translucent gate.
  5073 | D:6      | Found a runed translucent gate.
  5074 | D:6      | Noticed promet's ghost (novice DEVM)
  5075 | D:6      | Noticed oc3rt's ghost (novice KoHu)
  5075 | D:6      | Noticed soggyman666's ghost (novice DsVM)
  5137 | D:6      | Reached skill level 5 in Armour
  5720 | D:7      | Reached XP level 9. HP: 49/55 MP: 9/9
  5819 | D:7      | Identified the +1 leather armour of Restlessness {rElec
                  | Regen+ Dex-2} (You found it on level 7 of the Dungeon)
  5855 | D:7      | Found a burning altar of Makhleb.
  5916 | D:7      | Gained mutation: Your casting is slightly disrupted. [Ru
                  | sacrifice]
  6908 | D:8      | Reached XP level 10. HP: 64/64 MP: 10/10
  8315 | D:9      | Reached skill level 1 in Long Blades
  8478 | D:9      | Found a shimmering blue altar of Sif Muna.
  8654 | D:9      | Identified the cursed +1 robe of the Illusory Seers {rF+}
  8705 | D:9      | Found a blossoming altar of Fedhas.
  8785 | D:9      | Found a sparkling altar of Nemelex Xobeh.
  8851 | D:9      | Noticed a two-headed ogre
  8861 | D:9      | Killed a two-headed ogre
  8862 | D:9      | Reached skill level 1 in Stealth
  8935 | D:9      | Reached XP level 11. HP: 71/71 MP: 11/11
  8962 | D:9      | Got a steaming hand crossbow
  8963 | D:9      | Identified the +7 hand crossbow of the Middle {elec, rElec
                  | rN+++ Int-3 Dex-2} (You found it on level 9 of the Dungeon)
  8984 | D:9      | Found a bloodstained altar of Trog.
  9297 | D:10     | Entered Level 10 of the Dungeon
  9297 | D:10     | Found a staircase to the Orcish Mines.
  9351 | D:10     | Reached skill level 10 in Fighting
  9424 | D:10     | Noticed a two-headed ogre
  9432 | D:10     | Killed a two-headed ogre
  9433 | D:10     | Reached skill level 1 in Crossbows
  9801 | D:10     | Noticed Nergalle
  9815 | D:10     | Killed Nergalle
 10070 | D:10     | Noticed Grum
 10088 | D:10     | Killed Grum
 10163 | D:10     | Noticed Maurice
 10175 | D:10     | Killed Maurice
 10633 | D:10     | Noticed Maggie
 10645 | D:10     | Killed Maggie
 10666 | D:10     | Killed an unseen horror
 10939 | D:10     | Found Elub's Book Shoppe.
 11117 | D:5      | Bought an uncursed amulet of reflection for 330 gold pieces
 11337 | D:10     | Reached XP level 12. HP: 77/79 MP: 12/12
 11818 | D:11     | Reached skill level 5 in Crossbows
 12029 | D:11     | Found a portal to a secret trove of treasure.
 12058 | D:11     | Reached skill level 10 in Maces & Flails
 12121 | D:11     | Noticed a two-headed ogre
 12165 | D:11     | Killed a two-headed ogre
 12300 | D:11     | Noticed an eight-headed hydra
 12316 | D:11     | Killed an eight-headed hydra
 12317 | D:11     | Reached skill level 10 in Shields
 12533 | D:11     | Noticed an eight-headed hydra
 12540 | D:11     | Killed an eight-headed hydra
 12553 | D:11     | Found a staircase to the Lair.
 12653 | D:11     | Found a shimmering altar of Xom.
 12653 | D:11     | Found a shimmering altar of Xom.
 12653 | D:11     | Found a shimmering altar of Xom.
 12654 | D:11     | Found a shimmering altar of Xom.
 12654 | D:11     | Found a shimmering altar of Xom.
 12654 | D:11     | Found a shimmering altar of Xom.
 12654 | D:11     | Found a shimmering altar of Xom.
 12654 | D:11     | Found a shimmering altar of Xom.
 12660 | D:11     | Found a shimmering altar of Xom.
 12858 | Lair:1   | Entered Level 1 of the Lair of Beasts
 13257 | Lair:1   | Gained mutation: You have very sharp teeth. [potion of
                  | mutation]
 13257 | Lair:1   | Gained mutation: You are strong-willed. (Will+) [potion of
                  | mutation]
 14343 | Lair:2   | Reached XP level 13. HP: 84/85 MP: 13/13
 14391 | Lair:2   | Reached skill level 1 in Axes
 15688 | Lair:2   | Identified the +0 cloak of Tulips {*Contam +Inv Int+3} (You
                  | found it on level 2 of the Lair of Beasts)
 16062 | Lair:3   | Noticed Gastronok
 16084 | Lair:3   | Killed Gastronok
 16327 | Lair:3   | Reached skill level 5 in Long Blades
 17751 | Lair:4   | Found a hole to the Spider Nest.
 17945 | Lair:4   | Found a staircase to the Shoals.
 18828 | Lair:4   | Gained mutation: Your large and strong wings let you fly
                  | indefinitely. [Gargoyle growth]
 18828 | Lair:4   | Reached XP level 14. HP: 91/92 MP: 14/14
 19684 | Lair:5   | Found a staircase to the Slime Pits.
 21117 | Lair:6   | Entered Level 6 of the Lair of Beasts
 21332 | Lair:6   | Reached skill level 10 in Armour
 21598 | Lair:6   | Found a basalt altar of Yredelemnul.
 21607 | Lair:6   | Gained mutation: You are somewhat unskilled. (-1 Apt) [Ru
                  | sacrifice]
 21607 | Lair:6   | Reduced skill Maces & Flails to level 10
 21607 | Lair:6   | Reached * piety under Ru
 21607 | Lair:6   | Reached ** piety under Ru
 22356 | Lair:6   | Reached XP level 15. HP: 98/98 MP: 15/15
 23153 | Lair:6   | Found a burning altar of Makhleb.
 23927 | Lair:6   | Found a gateway to Hell.
 23937 | Lair:6   | Identified the +7 spear "Kaaraqu" {antimagic, rElec rC+
                  | Dex-2} (You found it on level 6 of the Lair of Beasts)
 24428 | Orc:1    | Entered Level 1 of the Orcish Mines
 24589 | Orc:2    | Entered Level 2 of the Orcish Mines
 24595 | Orc:2    | Noticed Sonja
 24641 | Orc:2    | Killed Sonja
 24718 | Orc:2    | Found a staircase to the Elven Halls.
 24787 | Orc:2    | Noticed Josephine
 24824 | Orc:2    | Killed Josephine
 25353 | Orc:2    | Reached skill level 1 in Polearms
 25739 | Orc:2    | Found Sirio's Assorted Antiques.
 25746 | Orc:2    | Found Byijilid's Armour Boutique.
 25746 | Orc:2    | Found Tuocreh's Armour Boutique.
 25753 | Orc:2    | Found Cashuig Femu's Magic Scroll Shop.
 25853 | Orc:2    | Bought the +7 chain mail of Compassion {Str+9 Dex-4} for
                  | 741 gold pieces
 25880 | Orc:2    | Bought the cursed -1 cloak "Vuih" {rPois rF+ Int+5 Stlth+}
                  | for 308 gold pieces
 26760 | Orc:1    | Found Healessype's Weapon Shop.
 27360 | Orc:1    | Found a roughly hewn altar of Beogh.
 27857 | Orc:2    | Bought a scroll of teleportation for 39 gold pieces
 27857 | Orc:2    | Bought a scroll of teleportation for 39 gold pieces
 27857 | Orc:2    | Bought a scroll of teleportation for 39 gold pieces
 27857 | Orc:2    | Bought a scroll of teleportation for 39 gold pieces
 27941 | D:12     | Noticed Rupert
 27954 | D:12     | Killed Rupert
 28130 | D:12     | Found an ancient bone altar of Kikubaaqudgha.
 28219 | D:12     | Found Esahe Amo's Book Emporium.
 28465 | D:12     | Gained mutation: Your cowardice makes you less effective in
                  | combat with threatening monsters. [Ru sacrifice]
 28465 | D:12     | Reached *** piety under Ru
 29531 | D:13     | Reached skill level 10 in Armour
 30970 | D:14     | Reached skill level 1 in Evocations
 31282 | D:14     | Reached XP level 16. HP: 106/106 MP: 16/16
 31297 | D:14     | Identified a scroll of acquirement
 31297 | D:14     | Acquired 505 gold pieces
 31459 | D:14     | You fall into a shaft and drop 1 floor!
 31459 | D:15     | Entered Level 15 of the Dungeon
 31534 | D:15     | Gained mutation: You are somewhat inexperienced. (-2 XL)
                  | [Ru sacrifice]
 31534 | D:15     | Reached XP level 15. HP: 100/100 MP: 15/15
 31534 | D:15     | Reached XP level 14. HP: 96/96 MP: 14/14
 31534 | D:15     | Reached **** piety under Ru
 31534 | D:15     | Reached ***** piety under Ru
 31700 | D:14     | Noticed Nessos
 31703 | D:14     | Killed Nessos
 32206 | D:14     | Acquired 583 gold pieces
 32311 | D:14     | Found a gate to the Vaults.
 34485 | D:15     | Found a staircase to the Depths.
 34485 | D:15     | Noticed a frost giant
 34507 | D:15     | Killed a frost giant
 34860 | D:15     | Found Zixkim's Jewellery Emporium.
 34869 | D:15     | Bought the amulet "Ciap" {Reflect Dex+8 SH+5} for 699 gold
                  | pieces
 34903 | D:15     | Found a white marble altar of Elyvilon.
 35510 | Shoals:1 | Entered Level 1 of the Shoals
 35838 | Shoals:1 | Gained mutation: You are hated by all. [Ru sacrifice]
 35838 | Shoals:1 | Reached ****** piety under Ru
 35967 | Shoals:1 | Noticed Nikola
 35990 | Shoals:1 | Killed Nikola
 36577 | Shoals:1 | Noticed a kraken
 36596 | Shoals:1 | Killed a kraken
 36751 | Shoals:1 | Reached XP level 15. HP: 81/100 MP: 13/15
 37065 | Shoals:2 | Found Odonyry's Book Emporium.
 37284 | Shoals:2 | Found Tadozovo's Weapon Shop.
 37644 | Shoals:2 | Found Mudutiot's Jewellery Boutique.
 37749 | Shoals:2 | Found Puf Jiry's Distillery.
 37757 | Shoals:2 | Bought a potion of heal wounds for 70 gold pieces
 37875 | Shoals:2 | Learned a level 1 spell: Magic Dart
 38053 | Shoals:3 | Noticed a kraken
 38097 | Shoals:3 | Killed a kraken
 38853 | Shoals:3 | Found Zeut's Jewellery Emporium.
 39382 | Shoals:4 | Entered Level 4 of the Shoals
 39792 | Shoals:4 | Noticed Ilsuiw
 39804 | Shoals:4 | Reached skill level 5 in Evocations
 40901 | Shoals:4 | Reached XP level 16. HP: 107/107 MP: 16/16
 42147 | Shoals:4 | Noticed Polyphemus
 42479 | Shoals:3 | Killed Polyphemus
 42785 | Shoals:4 | Reached skill level 5 in Axes
 43119 | Shoals:4 | Killed Ilsuiw
 43499 | Shoals:4 | Noticed a kraken
 43553 | Shoals:4 | Killed a kraken
 43763 | Shoals:4 | Got a barnacled rune of Zot
 44931 | Spider:1 | Entered Level 1 of the Spider Nest
 45051 | Spider:1 | Identified the cursed +1 chain mail "Juoxuyw" {rF+} (You
                  | found it on level 1 of the Spider Nest)
 45727 | Spider:1 | Identified the cursed +0 scale mail of Hairiness {rC+} (You
                  | found it on level 1 of the Spider Nest)
 46636 | Spider:1 | Reached XP level 17. HP: 72/112 MP: 17/17
 46880 | Spider:2 | Reached skill level 15 in Shields
 47303 | Spider:2 | Reached skill level 15 in Fighting
 47326 | Spider:2 | You are sucked into a shaft and drop 1 floor!
 49080 | Spider:3 | Noticed Donald
 49123 | Spider:3 | Noticed Arachne
 49434 | Spider:3 | Noticed Jorgrun
 49455 | Spider:3 | Killed Jorgrun
 49602 | Spider:3 | Killed Donald
 49875 | Spider:3 | Killed Arachne
 50304 | Spider:4 | Entered Level 4 of the Spider Nest
 50363 | Spider:3 | Reached skill level 1 in Short Blades
 52450 | Spider:3 | Reached skill level 5 in Stealth
 52626 | Spider:4 | Reached skill level 5 in Polearms
 52785 | Spider:4 | Reached XP level 18. HP: 119/119 MP: 18/18
 54382 | Spider:4 | Got a gossamer rune of Zot
 54860 | Slime:1  | Entered Level 1 of the Pits of Slime
 56070 | Slime:1  | Gained mutation: You occasionally shout uncontrollably at
                  | your foes. [a shining eye]
 56075 | Slime:1  | Gained mutation: You can translocate small distances at
                  | will. [a shining eye]
 57706 | Slime:2  | Paralysed by a floating eye for 3 turns
 59318 | Slime:4  | Gained mutation: You sometimes yell uncontrollably at your
                  | foes. [a shining eye]
 59332 | Slime:4  | Noticed Dissolution
 59342 | Slime:4  | Paralysed by a floating eye for 4 turns
 59346 | Slime:4  | Gained mutation: Potions are less effective at restoring
                  | your health. [a shining eye]
 59352 | Slime:4  | Killed Dissolution
 59353 | Slime:4  | Reached XP level 19. HP: 103/125 MP: 0/19
 59658 | Slime:5  | Entered Level 5 of the Pits of Slime
 60511 | Slime:5  | Gained mutation: You are dopey. (Int -2) [a shining eye]
 60783 | Slime:5  | Reached skill level 10 in Crossbows
 62633 | Slime:5  | Noticed the Royal Jelly
 63274 | Slime:5  | Gained mutation: Your magical capacity is low. (-10% MP) [a
                  | shining eye]
 63280 | Slime:5  | Gained mutation: Scrolls take you a little longer to read.
                  | [a shining eye]
 63285 | Slime:5  | Gained mutation: You are frail. (-10% HP) [a shining eye]
 63424 | Slime:5  | Slain by the Royal Jelly

Illustrated notes

Levels and vault maps discovered:
D:1:      arrival_aquarium_b, layout_basic, minmay_cut_off
D:2:      layout_loops_corners, nicolae_dithmenos_through_a_glass_darkly,
          chequers_ecumenical_altar_grove, okawaru_ov_weapons_minmay
D:3:      layout_loops_ring, lemuel_round_altar, fedhas_altar_2, uniq_ijyb
D:4:      layout_basic, xom_butterflies, uniq_duvessa, uniq_edmund
D:5:      layout_loops_ring, serial_shops,
          nicolae_shop_temple_entry_statues_fountains, grunt_decor_resistance,
          nicolae_ru_path_of_blood
D:6:      layout_loops_ring, minmay_temple_entry_large_hall,
          gammafunk_ghost_cemetery
D:7:      kennysheep_spiral_hall, layout_loops_ring, overflow_temple_1_default,
          supply_closet_lemuel, minmay_ruffians
D:8:      layout_gridville, moated_statue
D:9:      kennysheep_orc_sif_temple, layout_loops_ring, lemuel_crystal_altar,
          lemuel_crystal_altar, small_chamber_with_monster,
          minmay_misc_feat_square, trog_butcher_becter
D:10:     layout_stronghold, orc_0_dummy, serial_shops, shop_fountains,
          uniq_maggie, uniq_nergalle, uniq_grum, uniq_maurice
D:11:     layout_irregular_city, lair_entry_dummy, enter_trove_1,
          xom_shifter_show
D:12:     layout_irregular_city, serial_shops, nicolae_shop_stone, basic_altar,
          uniq_rupert
D:13:     layout_roguey, minmay_misc_feat_five
D:14:     layout_gridville, grunt_vaults_entry_tiered,
          wad_floor_pattern_untrapped, minmay_joined_circles, uniq_nessos
D:15:     grunt_enter_depths_snipers, layout_basic, elyvilon_altar_3,
          serial_shops, shop, grunt_tough_drop
Lair:1:   layout_cave_pods
Lair:2:   minmay_lair_oklob_tunnel, layout_big_grid,
          grunt_forest_large_clearings, serial_bayou_shore_a
Lair:3:   layout_roguey, grunt_megastairs_2, uniq_gastronok
Lair:4:   layout_regular_city, minmay_shoals_entry_beasts,
          spider_nest_entry_web_field, bh_autumn_forest_stairs
Lair:5:   layout_long_grid, nicolae_slime_entry_slimehenge, nzn_random_ring
Lair:6:   evil_forest, layout_regular_city, basic_altar, serial_bayou_lagoon_a,
          st_stairs_11
Shoals:1: layout_shoals, uniq_nikola
Shoals:2: layout_shoals, serial_shops, nicolae_shop_window_shopping,
          nicolae_shop_behind_doors, shop, shop
Shoals:3: layout_shoals, serial_shops, shop, nicolae_shoals_kraken_intersection
Shoals:4: shoals_end_grunt_ice, layout_shoals, shoals_ilsuiw_alternative,
          uniq_polyphemus
Spider:1: layout_spider_delve
Spider:2: layout_spider_delve, minmay_another_anthill
Spider:3: layout_spider_delve, drop_trap, nicolae_spider_webbed_stairs,
          uniq_jorgrun, uniq_arachne, uniq_donald
Spider:4: guppyfry_spider_rune, hangedman_spider_tarantella_strand
Slime:1:  layout_caves, cheibrodos_slime_lost_civilization_7
Slime:2:  layout_caves
Slime:3:  layout_caves
Slime:4:  layout_caves, uniq_dissolution
Slime:5
Orc:1:    layout_caves, serial_shops, nicolae_shop_window_shopping,
          bh_open_orc_temple
Orc:2:    st_orc_mages, layout_diamond_mine, uniq_josephine, uniq_sonja

Skill      XL: |  1  2  3  4  5  6  7  8  9 10 11 12 13 14 15 16 17 18 19 |
---------------+----------------------------------------------------------+-----
Shields        | 4 5 6 8 9 10 11 13 14 15 16 | 16.6
Dodging        | 1 2 3 4 |  4.4
Fighting       | 4 5 6 8 9 10 11 12 13 14 15 16 | 16.0
Maces & Flails | 3 4 5 6 7 9 10 12 | 12.9
Armour         | 4 5 6 7 8 9 9 10 11 12 | 12.4
Slings         | 1 2 3 |  3.2
Throwing       | 1 2 3 2 3 |  3.6
Long Blades    | 2 3 4 5 6 |  6.1
Stealth        | 1 3 4 5 |  5.2
Crossbows      | 4 7 8 9 10 | 10.1
Axes           | 3 3 4 5 7 |  7.2
Polearms       | 1 2 5 7 |  7.9
Evocations     | 3 5 6 |  6.2
Short Blades   | 1 |  1.3
Spellcasting   | |  0.1
Conjurations   | |  0.5

Action                   |  1- 3 |  4- 6 |  7- 9 | 10-12 | 13-15 | 16-18 | 19-21 || total
-------------------------+-------+-------+-------+-------+-------+-------+-------++-------
Melee: Flail             |   106 |       |     8 |    42 |    16 |       |       ||   172
       Whip              |       |   149 |   327 |   571 |  2106 |  1308 |   209 ||  4670
       Long sword        |       |       |       |    81 |   121 |   132 |     9 ||   343
       War axe           |       |       |       |    28 |    87 |   180 |       ||   295
       Bite              |       |       |       |    10 |   453 |   487 |    68 ||  1018
       Spear             |       |       |       |       |    43 |    22 |       ||    65
       Rapier            |       |       |       |       |     3 |    64 |       ||    67
       Demon trident     |       |       |       |       |       |   252 |       ||   252
 Fire: Hunting sling     |     5 |     5 |    27 |     1 |       |       |       ||    38
       Hand crossbow     |       |       |       |   124 |   406 |   303 |   129 ||   962
Throw: Stone             |     1 |     1 |       |     7 |    24 |       |       ||    33
       Javelin           |       |     9 |    10 |    36 |    34 |     5 |       ||    94
       Throwing net      |       |       |       |       |     1 |       |       ||     1
       Dart              |       |       |       |       |     2 |    24 |       ||    26
 Cast: Magic Dart        |       |       |       |       |     1 |       |       ||     1
Invok: Sacrifice Essence |       |       |     1 |       |       |       |       ||     1
       Power Leap        |       |       |       |       |     3 |     5 |     1 ||     9
       Sacrifice Love    |       |       |       |       |     1 |       |       ||     1
       Sacrifice Experie |       |       |       |       |     1 |       |       ||     1
       Sacrifice Skill   |       |       |       |       |     1 |       |       ||     1
       Sacrifice Courage |       |       |       |       |     1 |       |       ||     1
       Draw Out Power    |       |       |       |       |       |     9 |     1 ||    10
 Abil: Fly               |       |       |       |       |    10 |       |       ||    10
       Stop Flying       |       |       |       |       |     9 |       |       ||     9
Evoke: Tin of tremorston |       |       |       |       |     4 |     3 |       ||     7
       Wand              |       |       |       |       |     6 |     3 |       ||     9
       Box of beasts     |       |       |       |       |     2 |       |       ||     2
       Lightning rod     |       |       |       |       |       |     8 |     2 ||    10
  Use: Scroll            |     4 |    10 |    12 |    16 |    24 |    20 |     5 ||    91
       Potion            |     2 |     2 |     3 |     6 |     7 |     4 |     1 ||    25
 Stab: Invisible         |       |       |       |     1 |     4 |    18 |       ||    23
       Held in net/web   |       |       |       |       |     2 |       |       ||     2
       Distracted        |       |       |       |       |     3 |    13 |     1 ||    17
       Petrified         |       |       |       |       |       |     9 |       ||     9
       Paralysed         |       |       |       |       |       |     3 |       ||     3
Armor: Scale mail        |    58 |    13 |       |       |       |       |       ||    71
       Plate armour      |       |    66 |   146 |   182 |       |       |       ||   394
       Chain mail        |       |       |       |    88 |   597 |   921 |   139 ||  1745
Dodge: Dodged            |    39 |    20 |    47 |   198 |   443 |   600 |    88 ||  1435
Block: Kite shield       |    63 |    67 |   120 |   413 |  1361 |  1839 |   171 ||  4034
       Reflection        |       |       |       |     5 |    87 |    43 |    11 ||   146
       Rpst.: Long sword |       |       |       |     7 |    15 |    15 |       ||    37
